ITL
CHATTANOOGA CHINPOKOMON @ DETROIT X-WINGS
08/13/2030
 
TOP OF THE 1ST
Chattanooga Chinpokomon batting - Pitching for Detroit X-Wings : RHP Brian Smith
Pitching: RHP Brian Smith
Batting: LHB Elvin Summers 0-0: Ball
1-0: Ball
2-0: Foul Ball, location: 2F
2-1: Ball
3-1: Fly out, F9 (Flyball, 9LSF)
Batting: RHB Luis Antonio Velásquez 0-0: Called Strike
0-1: Foul Ball, location: 2F
0-2: Ball
1-2: Ball
2-2: DOUBLE (Line Drive, 9LM)
Batting: RHB Tom Hicks 0-0: Foul Ball, location: 2F
0-1: Foul Ball, location: 2F
0-2: Ball
1-2: Strikes out swinging
Batting: RHB Ben Barker 0-0: Called Strike
0-1: DOUBLE (Flyball, 78D)
Luis Antonio Velásquez scores
Pitching: RHP Domingo Rodríguez
Batting: RHB Ricardo Salazar 0-0: Called Strike
0-1: Ball
1-1: Swinging Strike
1-2: Ball
2-2: Foul Ball, location: 2F
2-2: Ground out 6-3 (Groundball, 6)
Top of the 1st over - 1 run, 2 hits, 0 errors, 1 left on base; Chattanooga 1 - Detroit 0
BOTTOM OF THE 1ST
Detroit X-Wings batting - Pitching for Chattanooga Chinpokomon : LHP Alberto Galindo
Pitching: LHP Alberto Galindo
Batting: RHB José Pérez 0-0: Foul Ball, location: 2F
0-1: Foul Ball, location: 2F
0-2: Fly out, F7 (Flyball, 7S)
Batting: RHB Alfredo Villegas 0-0: Called Strike
0-1: Fly out, F6 (Line Drive, 6M)
Batting: RHB Mario Solís 0-0: Ball
1-0: Ball
2-0: Called Strike
2-1: Foul Ball, location: 2F
2-2: Ball
3-2: Base on Balls
Batting: LHB Juan Jose Pineda 0-0: Called Strike
0-1: Ball
1-1: Ball
2-1: Ball
3-1: Called Strike
3-2: Foul Ball, location: 2F
3-2: Foul Ball, location: 2F
3-2: Fly out, F4 (Line Drive, 4)
Bottom of the 1st over - 0 runs, 0 hits, 0 errors, 1 left on base; Chattanooga 1 - Detroit 0
TOP OF THE 2ND
Chattanooga Chinpokomon batting - Pitching for Detroit X-Wings : RHP Domingo Rodríguez
Batting: RHB Jesús Tisnado 0-0: Called Strike
0-1: Ball
1-1: Swinging Strike
1-2: Strikes out swinging
Batting: RHB Ichizo Akiyama 0-0: SINGLE (Groundball, 25) (infield hit)
Batting: RHB John Robertson 0-0: Ball
1-0: Foul Ball, location: 2F
1-1: Foul Ball, location: 2F
1-2: Foul Ball, location: 2F
1-2: Ball
Wild Pitch!
Ichizo Akiyama to second
2-2: Foul Ball, location: 2F
2-2: Strikes out swinging
Batting: LHB Mario Cornelo 0-0: SINGLE (Groundball, 56D)
Ichizo Akiyama to third
Runner from 3rd tries for Home, SAFE, throw made home
Batting: LHB Elvin Summers 0-0: Called Strike
0-1: Swinging Strike
0-2: Ball
1-2: Strikes out looking
Top of the 2nd over - 1 run, 2 hits, 0 errors, 1 left on base; Chattanooga 2 - Detroit 0
BOTTOM OF THE 2ND
Detroit X-Wings batting - Pitching for Chattanooga Chinpokomon : LHP Alberto Galindo
Batting: SHB Felipe Detorres 0-0: Called Strike
0-1: Foul Ball, location: 2F
0-2: Strikes out swinging
Batting: RHB Brad Ravenshaw 0-0: Called Strike
0-1: Foul Ball, location: 2F
0-2: Foul Ball, location: 2F
0-2: Strikes out swinging
Batting: SHB Brian Price 0-0: Foul Ball, location: 2F
0-1: Foul Ball, location: 2F
0-2: Ground out 6-3 (Groundball, 6)
Bottom of the 2nd over - 0 runs, 0 hits, 0 errors, 0 left on base; Chattanooga 2 - Detroit 0
TOP OF THE 3RD
Chattanooga Chinpokomon batting - Pitching for Detroit X-Wings : RHP Domingo Rodríguez
Batting: RHB Luis Antonio Velásquez 0-0: Called Strike
0-1: Fly out, F4 (Line Drive, 4MD)
Batting: RHB Tom Hicks 0-0: Foul Ball, location: 2F
0-1: Called Strike
0-2: Foul Ball, location: 2F
0-2: Ground out 5-3 (Groundball, 56S)
Batting: RHB Ben Barker 0-0: Foul Ball, location: 2F
0-1: Swinging Strike
0-2: Ball
1-2: Ball
2-2: Foul Ball, location: 2F
2-2: Strikes out swinging
Top of the 3rd over - 0 runs, 0 hits, 0 errors, 0 left on base; Chattanooga 2 - Detroit 0
BOTTOM OF THE 3RD
Detroit X-Wings batting - Pitching for Chattanooga Chinpokomon : LHP Alberto Galindo
Batting: LHB Curt Walker 0-0: Ground out U3 (Groundball, 3)
Batting: SHB Barrett Bowden 0-0: Ball
1-0: Ball
2-0: Ball
3-0: Base on Balls
Batting: RHB José Pérez 0-0: Grounds into double play, 6-4-3 (Groundball, 6)
Bottom of the 3rd over - 0 runs, 0 hits, 0 errors, 0 left on base; Chattanooga 2 - Detroit 0
TOP OF THE 4TH
Chattanooga Chinpokomon batting - Pitching for Detroit X-Wings : RHP Domingo Rodríguez
Batting: RHB Ricardo Salazar 0-0: Ball
1-0: SINGLE (Groundball, 4MD)
Batting: RHB Jesús Tisnado 0-0: Called Strike
0-1: Ball
1-1: Ball
2-1: Fly out, F8 (Line Drive, 8LM)
Batting: RHB Ichizo Akiyama 0-0: Called Strike
0-1: Foul Ball, location: 2F
0-2: SINGLE (Flyball, 89M)
Ricardo Salazar to second
Batting: RHB John Robertson 0-0: Ground out 3-1 (Groundball, 34S)
Ricardo Salazar to third
Ichizo Akiyama to second
Batting: LHB Mario Cornelo 0-0: DOUBLE (Line Drive, 7LM)
Ricardo Salazar scores
Ichizo Akiyama scores
Batting: LHB Elvin Summers 0-0: Ground out 4-3 (Groundball, 4)
Top of the 4th over - 2 runs, 3 hits, 0 errors, 1 left on base; Chattanooga 4 - Detroit 0
BOTTOM OF THE 4TH
Detroit X-Wings batting - Pitching for Chattanooga Chinpokomon : LHP Alberto Galindo
Batting: RHB Alfredo Villegas 0-0: SINGLE (Groundball, 56D)
Batting: RHB Mario Solís 0-0: Ball
1-0: Ball
2-0: DOUBLE (Line Drive, 78XD)
Alfredo Villegas to third
Runner from 3rd tries for Home, SAFE, no throw
Batting: LHB Juan Jose Pineda 0-0: Ball
1-0: Swinging Strike
1-1: Ball
2-1: Swinging Strike
2-2: Foul Ball, location: 2F
2-2: Foul Ball, location: 2F
2-2: Ball
3-2: Strikes out swinging
Batting: SHB Felipe Detorres 0-0: Ball
1-0: Fly out, F7 (Flyball, 78D)
Batting: RHB Brad Ravenshaw 0-0: Foul Ball, location: 2F
0-1: Ball
1-1: Ball
2-1: Called Strike
2-2: Foul Ball, location: 2F
2-2: Ground out 4-3 (Groundball, 4)
Bottom of the 4th over - 1 run, 2 hits, 0 errors, 1 left on base; Chattanooga 4 - Detroit 1
TOP OF THE 5TH
Chattanooga Chinpokomon batting - Pitching for Detroit X-Wings : RHP Domingo Rodríguez
Batting: RHB Luis Antonio Velásquez 0-0: Called Strike
0-1: Swinging Strike
0-2: Ball
1-2: Ball
2-2: Ground out 6-3 (Groundball, 6)
Pitching: LHP Javier Duarte
Batting: RHB Tom Hicks 0-0: Ball
1-0: Ball
2-0: Ball
3-0: Called Strike
3-1: Called Strike
3-2: Base on Balls
Batting: RHB Ben Barker 0-0: Ball
1-0: Foul Ball, location: 2F
1-1: Ball
2-1: Ball
3-1: Foul Ball, location: 2F
3-2: Strikes out swinging
Batting: RHB Ricardo Salazar 0-0: Ball
1-0: Ball
2-0: SINGLE (Line Drive, 4D)
Tom Hicks to second
Batting: RHB Jesús Tisnado 0-0: Ball
1-0: Called Strike
1-1: Foul Ball, location: 2F
1-2: SINGLE (Groundball, 56D)
Tom Hicks to third
Ricardo Salazar to second
Runner from 3rd tries for Home, SAFE, no throw
Batting: RHB Ichizo Akiyama 0-0: SINGLE (Line Drive, 78M)
Ricardo Salazar to third
Jesús Tisnado to second
Runner from 3rd tries for Home, SAFE, no throw
Batting: RHB John Robertson 0-0: Ball
1-0: Ball
2-0: Fielders Choice at 2nd, 5-4 (Groundball, 5L)
Top of the 5th over - 2 runs, 3 hits, 0 errors, 2 left on base; Chattanooga 6 - Detroit 1
BOTTOM OF THE 5TH
Detroit X-Wings batting - Pitching for Chattanooga Chinpokomon : LHP Alberto Galindo
Batting: SHB Brian Price 0-0: Ball
1-0: Ball
2-0: Ball
3-0: Called Strike
3-1: Called Strike
3-2: Base on Balls
Batting: LHB Curt Walker 0-0: Ball
1-0: Called Strike
1-1: Ball
2-1: Foul Ball, location: 2F
2-2: Strikes out looking
Batting: SHB Barrett Bowden 0-0: Swinging Strike
0-1: Fly out, F7 (Flyball, 7LD)
Batting: RHB José Pérez 0-0: Called Strike
Brian Price is caught stealing 2nd base
Bottom of the 5th over - 0 runs, 0 hits, 0 errors, 0 left on base; Chattanooga 6 - Detroit 1
TOP OF THE 6TH
Chattanooga Chinpokomon batting - Pitching for Detroit X-Wings : LHP Javier Duarte
Batting: LHB Mario Cornelo 0-0: Ball
1-0: Foul Ball, location: 2F
1-1: Called Strike
1-2: Foul Ball, location: 2F
1-2: Ball
2-2: SINGLE (Line Drive, 8RS)
Batting: LHB Elvin Summers 0-0: Foul Ball, location: 2F
0-1: SINGLE (Groundball, 4MD)
Mario Cornelo to second
Batting: RHB Luis Antonio Velásquez 0-0: Ball
1-0: Fly out, F7 (Flyball, 7)
Batting: RHB Tom Hicks 0-0: Called Strike
0-1: Ball
1-1: Fly out, F5 (Line Drive, 5)
Batting: RHB Ben Barker 0-0: Ball
1-0: Swinging Strike
1-1: Swinging Strike
1-2: Ball
2-2: Fly out, F7 (Line Drive, 7D)
Top of the 6th over - 0 runs, 2 hits, 0 errors, 2 left on base; Chattanooga 6 - Detroit 1
BOTTOM OF THE 6TH
Detroit X-Wings batting - Pitching for Chattanooga Chinpokomon : LHP Alberto Galindo
Batting: RHB José Pérez 0-0: Called Strike
0-1: Swinging Strike
0-2: Ball
1-2: Foul Ball, location: 2F
1-2: Foul Ball, location: 2F
1-2: Strikes out looking
Batting: RHB Alfredo Villegas 0-0: Ball
1-0: Foul Ball, location: 2F
1-1: Ball
2-1: Ground out 6-3 (Groundball, 6M)
Batting: RHB Mario Solís 0-0: SINGLE (Groundball, 56D)
Batting: LHB Juan Jose Pineda 0-0: Ball
1-0: Swinging Strike
1-1: Ball
2-1: Foul Ball, location: 2F
2-2: Ball
Wild Pitch!
Mario Solís to second
3-2: Base on Balls
Pitching: RHP Ricardo Quiñones
Batting: SHB Felipe Detorres 0-0: Called Strike
0-1: Foul Ball, location: 2F
0-2: Ball
1-2: SINGLE (Line Drive, 89S)
Mario Solís to third
Juan Jose Pineda to second
Runner from 3rd tries for Home, SAFE, no throw
Batting: RHB Brad Ravenshaw 0-0: Ball
1-0: Called Strike
1-1: Called Strike
1-2: Ball
2-2: Strikes out looking
Bottom of the 6th over - 1 run, 2 hits, 0 errors, 2 left on base; Chattanooga 6 - Detroit 2
TOP OF THE 7TH
Chattanooga Chinpokomon batting - Pitching for Detroit X-Wings : LHP Javier Duarte
Batting: RHB Ricardo Salazar 0-0: Ball
1-0: Swinging Strike
1-1: Called Strike
1-2: Strikes out swinging
Batting: RHB Jesús Tisnado 0-0: Fly out, F3 (Popup, 3L)
Batting: RHB Ichizo Akiyama 0-0: Swinging Strike
0-1: Ball
1-1: Ball
2-1: Ball
3-1: SINGLE (Line Drive, 7LM)
Batting: RHB John Robertson 0-0: Swinging Strike
0-1: Ball
1-1: Called Strike
1-2: Ball
Ichizo Akiyama steals 2nd base
2-2: Ball
3-2: Ground out 4-3 (Groundball, 4S)
Top of the 7th over - 0 runs, 1 hit, 0 errors, 1 left on base; Chattanooga 6 - Detroit 2
BOTTOM OF THE 7TH
Detroit X-Wings batting - Pitching for Chattanooga Chinpokomon : RHP Ricardo Quiñones
Batting: SHB Brian Price 0-0: Called Strike
0-1: SINGLE (Flyball, 8LS)
Batting: LHB Curt Walker 0-0: Ball
1-0: Ball
2-0: Ball
3-0: Called Strike
3-1: Base on Balls
Brian Price to second
Batting: SHB Barrett Bowden 0-0: Called Strike
0-1: Ball
1-1: Fly out, F6 (Popup, P)
Batting: RHB José Pérez 0-0: Ball
1-0: Called Strike
1-1: SINGLE (Groundball, 23) (infield hit)
Brian Price to third
Curt Walker to second
Batting: RHB Alfredo Villegas 0-0: Called Strike
0-1: Fly out, F8 (Flyball, 8LM)
Runner from 3rd tags up, OUT at HOME
Bottom of the 7th over - 0 runs, 2 hits, 0 errors, 2 left on base; Chattanooga 6 - Detroit 2
TOP OF THE 8TH
Chattanooga Chinpokomon batting - Pitching for Detroit X-Wings : LHP Javier Duarte
Batting: LHB Mario Cornelo 0-0: Called Strike
0-1: Ball
1-1: SOLO HOME RUN (Flyball, 9LD), Distance : 361 ft
Batting: LHB Elvin Summers 0-0: Ball
1-0: Fly out, F5 (Line Drive, 56)
Batting: RHB Luis Antonio Velásquez 0-0: Ball
1-0: Called Strike
1-1: Ball
2-1: Ball
3-1: Called Strike
3-2: Base on Balls
Pitching: RHP Travis Whitney
Batting: RHB Tom Hicks 0-0: Ball
1-0: Called Strike
1-1: Ball
2-1: Called Strike
Luis Antonio Velásquez steals 2nd base
2-2: Ball
3-2: Base on Balls
Batting: RHB Ben Barker 0-0: Called Strike
Luis Antonio Velásquez steals 3rd base
0-1: Ball
1-1: Foul Ball, location: 2F
1-2: Ball
2-2: SINGLE (Groundball, 34D)
Luis Antonio Velásquez scores
Tom Hicks to second
Runner from 2nd tries for 3rd, SAFE, no throw
Batting: RHB Ricardo Salazar 0-0: Called Strike
Throwing error on steal attempt, E2
Tom Hicks scores
Ben Barker to third
0-1: Ground out 4-3 (Groundball, 4)
Ben Barker scores
Batting: RHB Jesús Tisnado 0-0: Ground out 3-1 (Groundball, 34)
Top of the 8th over - 4 runs, 2 hits, 1 error, 0 left on base; Chattanooga 10 - Detroit 2
BOTTOM OF THE 8TH
Detroit X-Wings batting - Pitching for Chattanooga Chinpokomon : RHP Ricardo Quiñones
Now at 1B: Luis Maldonado
Batting: RHB Mario Solís 0-0: Called Strike
0-1: Ball
1-1: Ball
2-1: Ball
3-1: Base on Balls
Batting: LHB Juan Jose Pineda 0-0: Ball
1-0: Foul Ball, location: 2F
1-1: Ball
2-1: Called Strike
2-2: Ball
3-2: Foul Ball, location: 2F
3-2: Ground out 6-3 (Groundball, 6MS)
Mario Solís to second
Batting: SHB Felipe Detorres 0-0: Foul Ball, location: 2F
0-1: Ground out 4-3 (Groundball, 4)
Mario Solís to third
Batting: RHB Brad Ravenshaw 0-0: Called Strike
0-1: Swinging Strike
0-2: Ball
1-2: Fly out, F9 (Flyball, 89M)
Bottom of the 8th over - 0 runs, 0 hits, 0 errors, 1 left on base; Chattanooga 10 - Detroit 2
TOP OF THE 9TH
Chattanooga Chinpokomon batting - Pitching for Detroit X-Wings : RHP Travis Whitney
Pitching: RHP Raymond Gibbons
Batting: RHB Ichizo Akiyama 0-0: SINGLE (Groundball, 5S) (infield hit)
Batting: RHB John Robertson 0-0: Ball
Ichizo Akiyama steals 2nd base
1-0: Foul Ball, location: 2F
1-1: Foul Ball, location: 2F
1-2: Foul Ball, location: 2F
1-2: Foul Ball, location: 2F
1-2: Ball
2-2: Ball
3-2: Ground out 4-3 (Groundball, 4)
Ichizo Akiyama to third
Batting: LHB Mario Cornelo 0-0: Ball
Wild Pitch!
Ichizo Akiyama scores
1-0: Swinging Strike
1-1: Ball
2-1: Ball
3-1: Foul Ball, location: 2F
3-2: Base on Balls
Batting: LHB Elvin Summers 0-0: Called Strike
0-1: Fielders Choice at 2nd, 4-6 (Groundball, 4)
Batting: RHB Luis Antonio Velásquez 0-0: Called Strike
0-1: Ball
1-1: Fly out, F8 (Flyball, 8RM)
Top of the 9th over - 1 run, 1 hit, 0 errors, 1 left on base; Chattanooga 11 - Detroit 2
BOTTOM OF THE 9TH
Detroit X-Wings batting - Pitching for Chattanooga Chinpokomon : RHP Ricardo Quiñones
Batting: SHB Brian Price 0-0: Foul Ball, location: 2F
0-1: Swinging Strike
0-2: Ball
1-2: Foul Ball, location: 2F
1-2: Ball
2-2: Strikes out swinging
Batting: LHB Curt Walker 0-0: Ground out 4-3 (Groundball, 34)
Batting: SHB Barrett Bowden 0-0: Called Strike
0-1: Foul Ball, location: 2F
0-2: Fly out, F4 (Line Drive, 4)
Bottom of the 9th over - 0 runs, 0 hits, 0 errors, 0 left on base; Chattanooga 11 - Detroit 2
Saturday, April 7th, 2018 - OOTP Baseball 18.8 Build 76